 Dungeon Crawl Stone Soup version 0.31-a0-145-g046c7d2549 (webtiles) character file.

Game seed: 3515420234299391354

3515 croobank the Magician (level 10, -7/74 HPs)
             Began as a Gnoll Fire Elementalist on June 5, 2023.
             Was an Initiate of Gozag.
             Mangled by a vault guard
             ... wielding a +0 broad axe
              (19 damage)
             ... in a bailey.
             The game lasted 00:23:31 (6847 turns).

croobank the Magician (Gnoll Fire Elementalist)     Turns: 6847, Time: 00:23:32

Health: -7/74      AC: 14    Str:  8    XL:     10   Next: 8%
Magic:  3/20       EV: 14    Int: 18    God:    Gozag
Gold:   718        SH:  0    Dex: 13    Spells: 10/23 levels left

rFire   + . .        a - +4 dagger (venom)
rCold   + . .        (no shield)
rNeg    + . .        B - +2 leather armour of the Threshing Gods {rN+ Regen+ rCorr}
rPois   +            w - +0 helmet
rElec   +            D - +2 cloak
rCorr   +            (no gloves)
SInv    +            (no boots)
Will    .....        (no amulet)
Stlth   +++          h - ring of see invisible
HPRegen 1.12/turn    (no ring)
MPRegen 0.17/turn

%: no passive effects
@: ice-armoured, resistant, gold aura
A: fangs 1, strong nose, distributed training
a: Renounce Religion, Potion Petition, Call Merchant, Bribe Branch


You were in a bailey.
You worshipped Gozag.
Gozag was pleased with you.
You visited 1 branch of the dungeon, and saw 8 of its levels.
You also visited: Bailey.

You collected 789 gold pieces.
You paid 71 gold pieces to Gozag.

Inventory:

Hand Weapons
 a - a +4 dagger of venom (weapon)
 b - a +2 sling of freezing
 c - a +4 dagger
 f - a +0 short sword
 q - a +2 rapier of draining
 r - a +0 falchion
 v - a +0 war axe
 y - a +2 heavy hand axe
 C - a +1 falchion of holy wrath
Missiles
 g - 3 boomerangs
 o - 6 curare-tipped darts
Armour
 d - +0 acid dragon scales
 t - a +0 ring mail
 w - a +0 helmet (worn)
 A - an orb of energy
 B - the +2 leather armour of the Threshing Gods (worn) {rN+ Regen+ rCorr}
   (You found it on level 5 of the Dungeon)

   rN:        It protects you from negative energy.
   Regen:     It increases your rate of health regeneration.
   rCorr:     It protects you from acid and corrosion.
 D - a +2 cloak (worn)
Jewellery
 h - a ring of see invisible (left hand)
Wands
 s - a wand of digging (3)
 u - a wand of polymorph (12)
Scrolls
 e - a scroll of silence
 i - 2 scrolls of identify
Potions
 k - a potion of ambrosia
 l - a potion of lignification
 p - a potion of attraction
 x - a potion of might


   Skills:
 + Level 5.1 Fighting
 + Level 5.1 Short Blades
 + Level 5.1 Long Blades
 + Level 5.1 Axes
 + Level 5.1 Maces & Flails
 + Level 5.1 Polearms
 + Level 5.1 Staves
 + Level 5.1 Ranged Weapons
 + Level 5.1 Throwing
 + Level 5.1 Armour
 + Level 6.9 Dodging
 + Level 6.7 Stealth
 + Level 5.1 Shields
 + Level 5.1 Unarmed Combat
 + Level 7.2 Spellcasting
 + Level 4.8 Conjurations
 + Level 4.2 Hexes
 + Level 4.2 Summonings
 + Level 4.2 Necromancy
 + Level 4.2 Translocations
 + Level 4.2 Transmutations
 + Level 7.0 Fire Magic
 + Level 4.2 Ice Magic
 + Level 4.2 Air Magic
 + Level 4.2 Earth Magic
 + Level 4.2 Poison Magic
 + Level 5.6 Invocations
 + Level 5.1 Evocations


You had 10 spell levels left.
You knew the following spells:

 Your Spells              Type           Power      Damage    Failure   Level
a - Foxfire               Conj/Fire      100%       2x1d9     1%          1
b - Scorch                Fire           62%        2d8       1%          2
c - Inner Flame           Hex/Fire       26%        N/A       4%          3
d - Flame Wave            Conj/Fire      27%        2d9       13%         4
e - Ozocubu's Armour      Ice            21%        N/A       8%          3

Your spell library contained the following spells:

 Spells                   Type           Power      Damage    Failure   Level
 Sandblast                Erth           42%        2d11      2%          1
 Ensorcelled Hibernation  Hex/Ice        42%        N/A       3%          2
 Passwall                 Tmut/Erth      17%        N/A       3%          2
 Poisonous Vapours        Pois/Air       42%        N/A       3%          2
 Volatile Blastmotes      Fire/Tloc      52%        2d14      4%          3
 Mephitic Cloud           Conj/Pois/Air  22%        N/A       7%          3
 Stone Arrow              Conj/Erth      44%        3d9       7%          3
 Swiftness                Air            21%        N/A       8%          3
 Freezing Cloud           Conj/Ice/Air   11%        6-21      54%         5
 Metabolic Englaciation   Hex/Ice        10%        N/A       56%         5
 Simulacrum               Ice/Necr       Unusable   N/A       N/A         6

Dungeon Overview and Level Annotations

Branches:
Dungeon (8/15)             Bailey (1/1)
 Temple: D:4-7         Lair: D:8-11

Altars:
Dithmenos
Gozag

Shops:
D:4 [

Annotations:
D:4 3 runed translucent doors, rz's ghost, amateur OgCA


Innate Abilities, Weirdness & Mutations

You have very sharp teeth.
Your uncanny sense of smell can sniff out nearby items.
Your experience applies equally to all skills.


Message History

The vault guard is engulfed in blazing flames.
Flame seeps out of the vault guard.
The vault guard is engulfed in blazing flames.
Flame seeps out of the vault guard.
The vault guard barely misses you.
Casting: Scorch (safe; 1% risk of failure)
Confirm with . or Enter, or press ? or * to list all spells.
Okay, then.
Casting: Scorch (safe; 1% risk of failure)
Confirm with . or Enter, or press ? or * to list all spells.
Casting: Flame Wave (dangerous; 13% risk of failure)
Press: ? - help, Dir - look around, f - activate A wave of flame ripples out!
The flame wave engulfs the vault guard.
Flame seeps out of the vault guard.
The vault guard is heavily wounded.
The flame wave engulfs the vault guard.
Flame seeps out of the vault guard.
The vault guard is moderately wounded. (Press . to intensify the flame waves.) Flame seeps out of the vault guard. x2
The vault guard is engulfed in poison gas.
The vault guard looks as sick as possible!
Flame seeps out of the vault guard.
The vault guard closely misses you.
The vault guard is engulfed in blazing flames.
Flame seeps out of the vault guard.
The vault guard hits you with a +0 broad axe!!
A wave of flame ripples out!
The flame wave engulfs the vault guard but does no damage.
The vault guard is heavily wounded.
The flame wave engulfs the vault guard.
Flame seeps out of the vault guard.
The vault guard is moderately wounded.
Flame seeps out of the vault guard. x2
The vault guard is engulfed in poison gas.
The vault guard looks as sick as possible!
Flame seeps out of the vault guard.
The vault guard hits you with a +4 broad axe!!
* * * LOW HITPOINT WARNING * * *
The vault guard is engulfed in blazing flames.
Flame seeps out of the vault guard.
The vault guard hits you with a +0 broad axe!!
You die...
Your body crumbles into a pile of gold.

#○§§☼○.☼○§§☼§○
##§§☼§§○○§§§☼☼§
#○§§☼.○§§○○§§§
#☼○§☼§§☼☼§§○#
#☼§○§☼☼§§○§#
#§☼○§§§°§☼§#
#§§○§§pp○§#
#§☼○§§@§§#∆
#○☼○§§○§○#$ #...
##§##☼§§§## ...
####§§☼§○# ..
+..#○§§☼○# ##'#
##..###☼###
##~~~##...#..☼☼.#
#~~~~~#...#..○☼.#
#~~~~~#...####..#


You could see 2 vault guards.

Vanquished Creatures
  Pikel (D:4)
  Prince Ribbit (Bailey)
  4 humans (Bailey)
  Eustachio (D:4)
  A warg (D:7)
  Duvessa (D:5)
  An ice beast (D:6)
  A black bear (D:5)
  An ogre (D:5)
  A centaur (D:5)
  2 lemures (D:4)
  11 bullfrogs (Bailey)
  2 kobold brigands
  A gnoll sergeant (D:7)
  3 scorpions (D:4)
  Dowan (D:5)
  4 hounds
  A sleepcap (D:4)
  Ijyb (D:3)
  Terence (D:2)
  2 orc wizards (D:5)
  Robin (D:4)
  6 gnolls
  4 adders
  A shadow imp (D:7)
  A white imp (D:7)
  2 ufetubi
  2 worms
  22 orcs
  4 endoplasms
  3 giant cockroaches
  9 hobgoblins
  11 kobolds
  4 quokkas
  8 ball pythons
  6 bats
  6 frilled lizards
  21 goblins
  7 rats
160 creatures vanquished.

Vanquished Creatures (collateral kills)
  A foxfire (D:1)
1 creature vanquished.

Vanquished Creatures (others)
  A goblin (D:4)
  198 foxfires
199 creatures vanquished.

Grand Total: 360 creatures vanquished

Notes
Turn   | Place    | Note
-------+----------+-------------------------------------------
     0 | D:1      | croobank the Gnoll Fire Elementalist began the quest for
                  | the Orb.
     0 | D:1      | Reached XP level 1. HP: 13/13 MP: 6/6
   145 | D:1      | Found a faded altar of an unknown god.
   246 | D:1      | Reached XP level 2. HP: 19/19 MP: 5/7
   249 | D:1      | Learned a level 2 spell: Scorch
   907 | D:1      | Reached skill level 5 in Spellcasting
   907 | D:1      | Reached XP level 3. HP: 25/25 MP: 5/9
  1222 | D:2      | Learned a level 3 spell: Inner Flame
  1294 | D:2      | Reached skill level 1 in Invocations
  1371 | D:2      | Noticed Terence
  1389 | D:2      | Killed Terence
  1390 | D:2      | Reached skill level 1 in Fighting
  1390 | D:2      | Reached skill level 1 in Short Blades
  1390 | D:2      | Reached skill level 1 in Long Blades
  1390 | D:2      | Reached skill level 1 in Axes
  1390 | D:2      | Reached skill level 1 in Maces & Flails
  1390 | D:2      | Reached skill level 1 in Polearms
  1390 | D:2      | Reached skill level 1 in Staves
  1390 | D:2      | Reached skill level 1 in Ranged Weapons
  1390 | D:2      | Reached skill level 1 in Throwing
  1390 | D:2      | Reached skill level 1 in Armour
  1390 | D:2      | Reached skill level 1 in Shields
  1390 | D:2      | Reached skill level 1 in Unarmed Combat
  1390 | D:2      | Reached skill level 1 in Evocations
  1390 | D:2      | Reached XP level 4. HP: 9/32 MP: 0/11
  1653 | D:2      | Reached skill level 1 in Hexes
  1653 | D:2      | Reached skill level 1 in Summonings
  1653 | D:2      | Reached skill level 1 in Necromancy
  1653 | D:2      | Reached skill level 1 in Translocations
  1653 | D:2      | Reached skill level 1 in Transmutations
  1653 | D:2      | Reached skill level 1 in Ice Magic
  1653 | D:2      | Reached skill level 1 in Air Magic
  1653 | D:2      | Reached skill level 1 in Earth Magic
  1653 | D:2      | Reached skill level 1 in Poison Magic
  2387 | D:3      | Reached XP level 5. HP: 37/37 MP: 12/12
  2392 | D:3      | Learned a level 4 spell: Flame Wave
  2587 | D:3      | Noticed Ijyb
  2593 | D:3      | Killed Ijyb
  3048 | D:4      | Found Juinkathes's Armour Shop.
  3071 | D:4      | Found a runed translucent gate.
  3071 | D:4      | Found a runed translucent gate.
  3071 | D:4      | Found a runed translucent gate.
  3071 | D:4      | Noticed a sky beast
  3074 | D:4      | Noticed rz's ghost (amateur OgCA)
  3389 | D:4      | Noticed Eustachio
  3395 | D:4      | Reached skill level 5 in Dodging
  3395 | D:4      | Reached XP level 6. HP: 32/44 MP: 4/14
  3410 | D:4      | Killed Eustachio
  3530 | D:4      | Reached XP level 7. HP: 41/50 MP: 15/15
  3765 | D:4      | Noticed Robin
  3775 | D:4      | Killed Robin
  3986 | D:4      | Found an opulent altar of Gozag.
  3986 | D:4      | Found a shadowy altar of Dithmenos.
  3995 | D:4      | Became a worshipper of Gozag Ym Sagoz the Greedy
  4136 | D:5      | Entered Level 5 of the Dungeon
  4136 | D:5      | Noticed Dowan
  4136 | D:5      | Noticed Pikel
  4138 | D:5      | Noticed Duvessa
  4434 | D:4      | Learned a level 3 spell: Ozocubu's Armour
  4446 | D:4      | Killed Pikel
  4447 | D:4      | Reached skill level 5 in Stealth
  4447 | D:4      | Reached XP level 8. HP: 57/58 MP: 0/17
  4586 | D:5      | Killed Duvessa
  4956 | D:5      | Killed Dowan
  5462 | D:5      | Identified the +2 leather armour of the Threshing Gods {rN+
                  | Regen+ rCorr}
  5860 | D:6      | Reached XP level 9. HP: 65/65 MP: 11/18
  5929 | D:6      | You fall into a shaft and drop 2 floors!
  5953 | D:7      | Noticed Maggie
  5955 | D:7      | Maggie changed into Maggie the warg
  5955 | D:7      | Noticed Maggie
  5962 | D:7      | Killed Maggie the warg
  6385 | D:7      | Found a flagged portal.
  6479 | Bailey   | Entered a bailey
  6508 | Bailey   | Reached skill level 5 in Invocations
  6807 | Bailey   | Reached skill level 5 in Fighting
  6807 | Bailey   | Reached skill level 5 in Short Blades
  6807 | Bailey   | Reached skill level 5 in Long Blades
  6807 | Bailey   | Reached skill level 5 in Axes
  6807 | Bailey   | Reached skill level 5 in Maces & Flails
  6807 | Bailey   | Reached skill level 5 in Polearms
  6807 | Bailey   | Reached skill level 5 in Staves
  6807 | Bailey   | Reached skill level 5 in Ranged Weapons
  6807 | Bailey   | Reached skill level 5 in Throwing
  6807 | Bailey   | Reached skill level 5 in Armour
  6807 | Bailey   | Reached skill level 5 in Shields
  6807 | Bailey   | Reached skill level 5 in Unarmed Combat
  6807 | Bailey   | Reached skill level 5 in Evocations
  6807 | Bailey   | Reached XP level 10. HP: 74/74 MP: 15/20
  6830 | Bailey   | Noticed Prince Ribbit
  6833 | Bailey   | Noticed a vault guard
  6838 | Bailey   | Noticed a vault guard
  6841 | Bailey   | Killed Prince Ribbit
  6847 | Bailey   | Mangled by a vault guard

Illustrated notes

Levels and vault maps discovered:
D:1:      minmay_arrival_pointy, layout_basic,
          hellmonk_ecumenical_altar_arch_garden, serial_bayou_pond_c
D:2:      minmay_wonky_spiral, layout_basic, grunt_ministairs_7,
          minmay_goblin_outpost, uniq_terence
D:3:      layout_loops_ring, uniq_ijyb
D:4:      layout_loops_corners, gammafunk_temple_overflow_pools, serial_shops,
          shop, gammafunk_ghost_split, nicolae_goblin_pals, uniq_eustachio
D:5:      layout_rooms, st_stairs_1, uniq_duvessa, uniq_pikel
D:6:      layout_basic, minmay_temple_entry_water_ring, uniq_edmund,
          uniq_blork_the_orc
D:7:      layout_cave_pools, enter_bailey_4, serial_gnoll_camp,
          gnoll_camp_mini_loothouse, gnoll_camp_huts_moat, gnoll_camp_medium_02,
          grums_kennel, nicolae_shop_fire_sale [nicolae_sub_dead_trees],
          uniq_crazy_yiuf_cottage, uniq_maggie, uniq_joseph
D:8:      layout_basic, uniq_prince_ribbit1, uniq_grum
Bailey:   bailey_axe_froggy_fort_hellmonk, bailey

Skill      XL: |  1  2  3  4  5  6  7  8  9 10 |
---------------+-------------------------------+-----
Conjurations   | 2 3 4 |  4.8
Spellcasting   | 5 6 7 |  7.2
Invocations    | 1 2 3 4 5 |  5.6
Fighting       | 1 2 3 5 |  5.1
Short Blades   | 1 2 3 5 |  5.1
Long Blades    | 1 2 3 5 |  5.1
Axes           | 1 2 3 5 |  5.1
Maces & Flails | 1 2 3 5 |  5.1
Polearms       | 1 2 3 5 |  5.1
Staves         | 1 2 3 5 |  5.1
Ranged Weapons | 1 2 3 5 |  5.1
Throwing       | 1 2 3 5 |  5.1
Armour         | 1 2 3 5 |  5.1
Shields        | 1 2 3 5 |  5.1
Unarmed Combat | 1 2 3 5 |  5.1
Evocations     | 1 2 3 5 |  5.1
Hexes          | 1 2 3 4 |  4.2
Summonings     | 1 2 3 4 |  4.2
Necromancy     | 1 2 3 4 |  4.2
Translocations | 1 2 3 4 |  4.2
Transmutations | 1 2 3 4 |  4.2
Ice Magic      | 1 2 3 4 |  4.2
Air Magic      | 1 2 3 4 |  4.2
Earth Magic    | 1 2 3 4 |  4.2
Poison Magic   | 1 2 3 4 |  4.2
Dodging        | 5 6 |  6.9
Stealth        | 5 6 |  6.7
Fire Magic     | 6 7 |  7.0

Action                     |  1- 3 |  4- 6 |  7- 9 | 10-12 || total
---------------------------+-------+-------+-------+-------++-------
  Melee: Unarmed           |     1 |       |       |       ||     1
         Short sword       |    19 |    11 |       |       ||    30
         Bite              |     3 |     2 |     9 |     3 ||    17
         Dagger            |       |    15 |    87 |     9 ||   111
         Punch             |       |       |     5 |       ||     5
   Fire: Sling             |       |    40 |       |       ||    40
   Cast: Foxfire           |    42 |    14 |    63 |     3 ||   122
         Scorch            |    12 |    20 |    62 |     2 ||    96
         Flame Wave        |       |     2 |     8 |     1 ||    11
         Ozocubu's Armour  |       |       |     3 |     1 ||     4
         Inner Flame       |       |       |       |     1 ||     1
  Evoke: Wand              |       |       |     1 |       ||     1
    Use: Scroll            |     2 |     4 |    10 |     2 ||    18
         Potion            |       |     1 |     2 |     1 ||     4
   Stab: Sleeping          |     5 |     3 |     1 |       ||     9
 Armour: Robe              |     1 |     4 |    23 |       ||    28
         Leather armour    |       |       |    32 |     2 ||    34
  Dodge: Dodged            |    21 |    41 |   108 |     4 ||   174

Table legend: (Time is in decaauts)
 A = Elapsed time spent in this place.
 B = Non-inter-level travel time spent in this place.
 C = Inter-level travel time spent in this place.
 D = Time resting spent in this place.
 E = Time spent auto-exploring this place.
 F = Levels seen in this place.
 G = Mean time per level.
                   A        B        C        D        E       F      G
               +--------+--------+--------+--------+--------+-----+--------+
         Total |   6846 |   6658 |    188 |   2365 |   2813 |   9 |  760.7 |
       Dungeon |   6486 |   6298 |    188 |   2165 |   2813 |   8 |  810.8 |
        Bailey |    359 |    359 |      0 |    200 |      0 |   1 |  359.0 |
               +--------+--------+--------+--------+--------+-----+--------+

Top non-repeatable levels by time:
     D:4: 1854 daAuts
     D:2: 1121 daAuts
     D:1: 1068 daAuts
     D:5: 903 daAuts
     D:3: 867 daAuts
     D:7: 363 daAuts
  Bailey: 359 daAuts
     D:6: 284 daAuts
     D:8: 23 daAuts
